 Dungeon Crawl Stone Soup version 0.23-a0-87-g5f73bc1 (webtiles) character file.

5464 digijack the Shield-Bearer (level 10, 0/79 HPs)
             Began as a Demonspawn Fighter on Aug 15, 2018.
             Was a Follower of Nemelex Xobeh.
             Succumbed to a swamp dragon's poison gas
             ... on level 8 of the Dungeon.
             The game lasted 01:16:37 (9585 turns).

digijack the Shield-Bearer (Demonspawn Fighter)     Turns: 9585, Time: 01:16:41

Health: 0/79       AC: 23    Str: 19    XL:     10   Next: 41%
Magic:  15/15      EV:  4    Int:  9    God:    Nemelex Xobeh [*.....]
Gold:   396        SH: 13    Dex: 24    Spells: 9/9 levels left

rFire    + . .     SeeInvis .   a - +0 trident
rCold    + + .     Gourm    .   c - +1 shield
rNeg     + . .     Faith    .   q - +1 plate armour
rPois    .         Spirit   .   o - +1 helmet of Dinyiwn {rN+ Int-3 Dex+6 Stlth+}
rElec    .         Reflect  .   z - scarf {rC+ rF+}
rCorr    .         Harm     .   (no gloves)
MR       .....                  p - +2 pair of boots
Stlth    ..........             (no amulet)
HPRegen  0.23/turn              l - ring of protection from cold
MPRegen  0.14/turn              i - +5 ring of dexterity

@: lethally poisoned (0 -> -59)
A: talons 1, icy blue scales 2, demonic guardian 1, powered by pain 1, shaggy
fur 1, strong 1, wild magic 1
a: Renounce Religion


You were on level 8 of the Dungeon.
You worshipped Nemelex Xobeh.
Nemelex Xobeh was aware of your devotion.
You were not hungry.

You visited 2 branches of the dungeon, and saw 9 of its levels.

You collected 396 gold pieces.

Inventory:

Hand Weapons
 a - a +0 trident (weapon)
Missiles
 n - 273 stones (quivered)
Armour
 c - a +1 shield (worn)
 o - the +1 helmet of Dinyiwn (worn) {rN+ Int-3 Dex+6 Stlth+}
   (You took it off Robin on level 2 of the Dungeon)

   It affects your intelligence (-3).
   It affects your dexterity (+6).
   It protects you from negative energy.
   It makes you more stealthy.
 p - a +2 pair of boots (worn)
 q - a +1 plate armour (worn)
 z - a scarf of resistance (worn)
 C - a +0 cloak
Jewellery
 i - a +5 ring of dexterity (right hand)
 l - a ring of protection from cold (left hand)
Wands
 b - a wand of iceblast (18)
 g - a wand of random effects (38)
 m - a wand of acid (7)
 y - a wand of polymorph (16)
 A - a wand of flame (15)
Scrolls
 d - 2 scrolls of fog
 h - 3 scrolls of remove curse
 j - 6 scrolls of teleportation
 k - 9 scrolls of identify
 u - a scroll of magic mapping
Potions
 r - 2 potions of agility
 w - a potion of berserk rage
 x - a potion of invisibility
 D - a potion of magic
Miscellaneous
 v - a phial of floods (inert)
Comestibles
 f - 23 rations
 B - a chunk of flesh


   Skills:
 + Level 7.6 Fighting
 + Level 6.6 Polearms
 + Level 7.0 Armour
 - Level 0.1 Dodging
 + Level 7.8 Shields
 + Level 7.1 Invocations


You had 9 spell levels left.
You didn't know any spells.
Your spell library was empty.

Dungeon Overview and Level Annotations

Branches:
Dungeon (8/15)             Temple (1/1) D:7
   Lair: D:8-11

Altars:
Ashenzari
Cheibriados
Dithmenos
Elyvilon
Fedhas
Gozag
Hepliaklqana
Kikubaaqudgha
Makhleb
Nemelex Xobeh
Okawaru
Qazlal
Ru
Sif Muna
Trog
Uskayaw
Vehumet
Wu Jian
Xom
Yredelemnul
Zin
The Shining One

Shops:
D:4 (*


Innate Abilities, Weirdness & Mutations

You have sharp toenails.
You are mostly covered in icy blue scales. (AC +3)
A weak demonic guardian rushes to your aid.
You sometimes gain a little power by taking damage.
You are covered in fur. (AC +1)
Your muscles are strong. (Str +2)
Your spells are a little harder to cast, but a little more powerful.


Message History

The swamp dragon breathes poison at you.
The blast of poison engulfs you!
You are more poisoned.
You are engulfed in poison gas.
You are lethally poisoned!
* * * LOW HITPOINT WARNING * * *
x2 You feel very sick.
* * * LOW HITPOINT WARNING * * *
You feel very sick.
Your iron imp disappears in a puff of smoke!
The swamp dragon breathes poison at you.
The blast of poison engulfs you!
You are more poisoned.
You hit the swamp dragon.
The swamp dragon is almost dead.
You are engulfed in poison gas.
You are more poisoned.
* * * LOW HITPOINT WARNING * * *
You die...
Your body disappears without a glow.

#.............# #
#.............# #
#.............# #
#.............# ###
#..§o.........# ..#
#####...§§§5.§....# #.#
#..))..≈≈§§§§§....# #.#
#.###..O§§E§§§§...#
#.####.# #.....D@§§....#
O...§§5# #############.#
#.#.§#§#############..)##
......o............>..))#
####.......#########'##.#
##......##...........#
##......##...........#
#.......##..........##
#..###'###..........#


You could see a swamp dragon, an ogre, an orc, a friendly water elemental and a
friendly ufetubus.

Vanquished Creatures
  Pikel (D:5)
  Sigmund (D:5)
  Eustachio (D:4)
  A human (D:7)
  2 hogs (D:7)
  5 orc warriors
  A black bear (D:7)
  An ice beast (D:7)
  2 sky beasts
  A slave (D:5)
  2 ogres
  2 bullfrogs
  A gnoll sergeant (D:8)
  A wyvern skeleton (D:6)
  7 killer bees
  A howler monkey (D:6)
  3 crimson imps
  A bullfrog zombie (D:8)
  A centaur zombie (D:8)
  3 hounds
  Crazy Yiuf (D:7)
  2 jellies (D:7)
  3 orc priests (D:8)
  3 orc wizards
  4 bullfrog skeletons
  Ijyb (D:5)
  Terence (D:2)
  An iguana (D:4)
  3 worker ants
  Natasha (thrice) (D:2)
  Robin (D:2)
  3 worker ant zombies
  12 gnolls
  8 adders
  A shadow imp (D:5)
  2 oozes
  2 worms (D:3)
  A dart slug (D:3)
  5 leopard geckos
  27 orcs
  8 bats
  7 giant cockroaches
  13 goblins
  12 hobgoblins
  10 jackals
  7 kobolds
  3 quokkas
  A ball python (D:1)
  A ball python zombie (D:6)
  5 frilled lizards
  A jackal skeleton (D:6)
  A jackal zombie (D:6)
  2 quokka zombies
  5 rats
198 creatures vanquished.

Vanquished Creatures (collateral kills)
  Harold (D:7)
  A hippogriff (D:5)
  A yak (D:7)
  A hog (D:7)
  A steam dragon (D:7)
  Edmund (D:4)
  Menkaure (D:7)
  An insubstantial wisp (D:7)
  A black bear (D:6)
  3 sky beasts (D:7)
  2 ice beasts
  A phantom (D:7)
  An ogre (D:4)
  A scorpion (D:4)
  2 killer bees (D:7)
  2 howler monkeys
  An orc priest (D:7)
  An orc wizard (D:6)
  An adder zombie (D:7)
  2 orcs
  A jackal (D:8)
27 creatures vanquished.

Vanquished Creatures (others)
  A slave (D:8)
  An ice beast (D:8)
  An adder (D:8)
3 creatures vanquished.

Grand Total: 228 creatures vanquished

Notes
Turn   | Place    | Note
-------+----------+-------------------------------------------
     0 | D:1      | digijack the Demonspawn Fighter began the quest for the Orb.
     0 | D:1      | Reached XP level 1. HP: 18/18 MP: 1/1
   146 | D:1      | Gained mutation: You are partially covered in icy blue scales. (AC +2) [demonic ancestry]
   146 | D:1      | Reached XP level 2. HP: 13/24 MP: 2/2
  1008 | D:2      | Reached XP level 3. HP: 29/29 MP: 3/3
  1036 | D:2      | Noticed Natasha
  1057 | D:2      | HP: 1/29 [Natasha (1)]
  1060 | D:2      | Killed Natasha
  1450 | D:2      | Noticed Natasha
  1457 | D:2      | Killed Natasha
  1457 | D:2      | Reached XP level 4. HP: 24/35 MP: 4/4
  1731 | D:2      | Noticed Natasha
  1731 | D:2      | Noticed Terence
  1739 | D:2      | Killed Natasha
  1762 | D:2      | Killed Terence
  1762 | D:2      | Gained mutation: A weak demonic guardian rushes to your aid. [demonic ancestry]
  1762 | D:2      | Reached XP level 5. HP: 27/42 MP: 5/5
  2115 | D:2      | Noticed Robin
  2154 | D:2      | Killed Robin
  2161 | D:2      | Got a faintly humming helmet
  2162 | D:2      | Identified the +1 helmet of Dinyiwn {rN+ Int-3 Dex+6 Stlth+} (You took it off Robin on level 2 of the Dungeon)
  3200 | D:4      | Found Zin's Purification Station.
  3203 | D:4      | Found a glowing silver altar of Zin.
  3231 | D:4      | Found a radiant altar of Vehumet.
  3259 | D:4      | Reached XP level 6. HP: 44/48 MP: 6/6
  3343 | D:4      | Found Dirup's Antique Weapon Shoppe.
  3728 | D:4      | Reached XP level 7. HP: 52/55 MP: 7/7
  3743 | D:4      | Noticed Eustachio
  3764 | D:4      | Killed Eustachio
  3764 | D:4      | Reached skill level 5 in Shields
  3830 | D:4      | Found a shattered altar of Ashenzari.
  3898 | D:4      | Noticed Edmund
  3953 | D:4      | Killed Edmund
  4303 | D:5      | Entered Level 5 of the Dungeon
  4354 | D:5      | Noticed Ijyb
  4371 | D:5      | Killed Ijyb
  4462 | D:5      | Noticed Sigmund
  4489 | D:5      | You fall through a shaft for 2 floors!
  4542 | D:7      | Reached skill level 5 in Fighting
  4670 | D:7      | Gained mutation: You sometimes gain a little power by taking damage. [demonic ancestry]
  4670 | D:7      | Reached XP level 8. HP: 49/62 MP: 8/8
  4807 | D:7      | Found a staircase to the Ecumenical Temple.
  4818 | Temple   | Entered the Ecumenical Temple
  4871 | Temple   | Became a worshipper of Nemelex Xobeh the Trickster
  4891 | D:7      | Received a gift from Nemelex Xobeh
  4916 | D:7      | Reached skill level 1 in Invocations
  5239 | D:7      | Reached skill level 5 in Armour
  5312 | D:7      | Found an opulent altar of Gozag.
  5366 | D:7      | Found an ancient bone altar of Kikubaaqudgha.
  5369 | D:7      | Found a shadowy altar of Dithmenos.
  5372 | D:7      | Found a hide-covered altar of Uskayaw.
  5524 | D:7      | Reached skill level 5 in Polearms
  5842 | D:7      | Gained mutation: You are mostly covered in icy blue scales. (AC +3) [demonic ancestry]
  5842 | D:7      | Reached XP level 9. HP: 68/69 MP: 11/11
  6477 | D:6      | Identified the cursed +1 robe "Qaukyixt" {Slay+3} (You found it on level 6 of the Dungeon)
  7243 | D:5      | Killed Sigmund
  7243 | D:5      | Reached skill level 5 in Invocations
  7360 | D:5      | Noticed Pikel
  7373 | D:5      | Killed Pikel
  7628 | D:5      | Reached * piety under Nemelex Xobeh
  7864 | D:7      | Noticed Menkaure
  7867 | D:7      | Noticed Harold
  7867 | D:7      | Killed Menkaure
  7874 | D:7      | Killed Harold
  7874 | D:7      | Gained mutation: You have sharp toenails. [demonic ancestry]
  7874 | D:7      | Reached XP level 10. HP: 76/79 MP: 14/14
  8179 | D:7      | Found a runed door.
  8183 | D:7      | Noticed Crazy Yiuf
  8215 | D:7      | Killed Crazy Yiuf
  8791 | D:8      | Found an iron altar of Okawaru.
  9548 | D:8      | Gained mutation: Your spells are a little harder to cast, but a little more powerful. [potion of mutation]
  9548 | D:8      | Gained mutation: You are covered in fur. (AC +1) [potion of mutation]
  9548 | D:8      | Gained mutation: Your muscles are strong. (Str +2) [potion of mutation]
  9560 | D:8      | Noticed a two-headed ogre
  9561 | D:8      | Noticed a swamp dragon
  9561 | D:8      | a two-headed ogre changed into a swamp dragon
  9585 | D:8      | Succumbed to a swamp dragon's poison gas

Vault maps used:
D:1:      eino_arrival_druids_welcome
D:2:      first_ration, uniq_robin, uniq_natasha, uniq_terence
D:4:      zin_purify, kennysheep_mini_moat, cheibrodos_ashenzari_chains,
          serial_shops, shop, uniq_eustachio, uniq_edmund
D:5:      uniq_sigmund, uniq_ijyb, uniq_pikel
D:7:      minmay_overflow_temple_star_quad, grunt_gozag_breadcrumbs,
          minmay_temple_entry_nine_rooms, grunt_livestock, minmay_misc_feat_iff,
          grunt_ministairs_15, hangedman_misty_isle, uniq_menkaure,
          uniq_crazy_yiuf_cottage, uniq_harold
D:8:      okawaru_altar_gauntlet_db, led_sif_book
Temple:   eino_temple_lava

Skill      XL: |  1  2  3  4  5  6  7  8  9 10 |
---------------+-------------------------------+-----
Armour         | 3 4 5 6 7 |  7.0
Polearms       | 2 3 4 5 6 |  6.6
Shields        | 3 4 5 6 7 |  7.8
Fighting       | 4 5 6 7 |  7.6
Invocations    | 3 6 7 |  7.1
Dodging        | |  0.1

Action                   |  1- 3 |  4- 6 |  7- 9 | 10-12 || total
-------------------------+-------+-------+-------+-------++-------
Melee: Trident           |   153 |   231 |   540 |   260 ||  1184
       Unarmed           |       |       |     9 |       ||     9
Throw: Stone             |       |       |       |     1 ||     1
Evoke: Deck              |       |       |     7 |     2 ||     9
       Wand              |       |       |     6 |     3 ||     9
       Phial of floods   |       |       |       |     1 ||     1
  Use: Scroll            |     7 |     6 |     9 |     1 ||    23
       Potion            |     2 |     5 |     4 |     3 ||    14
 Stab: Sleeping          |       |     7 |       |       ||     7
       Distracted        |       |     1 |     7 |       ||     8
  Eat: Chunk             |     2 |     8 |    14 |     6 ||    30
Armor: Scale mail        |    53 |    72 |     5 |       ||   130
       Plate armour      |       |       |   277 |   199 ||   476
Dodge: Dodged            |    38 |    54 |    70 |    61 ||   223
Block: Shield            |    88 |   114 |   353 |   248 ||   803

Table legend:
 A = Non-vault XP
 B = Vault XP
 C = Vault XP percentage of total XP
 D = Non-vault monster count
 E = Vault monster count
 F = Vault count percentage of total count
 G = Total turns spent on level
                 A         B        C        D         E       F
            +---------+---------+-------+---------+---------+-------
      Total |    4580 |    3227 |  41.3 |     189 |      35 |  15.6
            +---------+---------+-------+---------+---------+-------
        D:1 |      38 |       0 |   0.0 |      23 |       0 |   0.0
        D:2 |     112 |      97 |  46.4 |      20 |       9 |  31.0
        D:3 |      98 |       0 |   0.0 |      27 |       0 |   0.0
        D:4 |     461 |     298 |  39.3 |      15 |       2 |  11.8
        D:5 |     376 |     900 |  70.5 |      16 |       3 |  15.8
        D:6 |    1044 |       0 |   0.0 |      24 |       0 |   0.0
        D:7 |    1107 |    1896 |  63.1 |      30 |      15 |  33.3
        D:8 |    1344 |      36 |   2.6 |      34 |       6 |  15.0
            +---------+---------+-------+---------+---------+-------
